Map: Newkirk Precinct TE (Void)

Players

Dark - Winner!

  • Race: Zerg Zerg
  • League: Grandmaster
  • Spawn Location: 7:00

INnoVation

  • Race: Terran Terran
  • League: Grandmaster
  • Spawn Location: 5:00

Event: Polygon Gaming Invitational #10

VOD

https://www.youtube.com/watch?v=kq5EqJ3nAj0&index=2&list=PL9QsjkBYtQM4FOph0oThEnvgqxfCQmaLv

Description

Technology and upgrades in specific are kind of weird in TvZ. For most of the game, Terran is behind on upgrades but once 3-3 is around the bend, the Terran takes a quick lead. This game is a ton of back and forth centered around the Newkirk creep spread, but ultimately comes down to one very simple thing: +3 infantry attack and +3 infantry armor. Dark constantly uses his mutalisks to massacre SCVs, but then he finds the double engineering bays. Will he be able to delay 3-3 long enough to end the game? Find out with NoveaStar and Seeker in this exciting game!

Time

  • Played on: March 29, 2017, 11:38 p.m.
  • Length: 13:36

All games in this series

Show
View Real Time Build Order
Export as new Build Order

Dark Zerg - Winner!

Build Orders: Pool First, Muta Ling Bane 

Get SALT Encoding   

  12  0:00  Drone  
  13  0:13  Overlord  
  13  0:17  Drone  
  14  0:31  Drone  
  14  0:32  Drone  
  16  0:39  Drone  
  17  0:47  Extractor  
  17  0:49  Drone  
  17  0:53  Spawning Pool  
  16  0:58  Drone  
  17  1:09  Drone  
  18  1:18  Drone  
  19  1:26  Hatchery  
  19  1:30  Drone  
  19  1:39  Queen  
  19  1:42  Zergling x2  
  22  1:50  Metabolic Boost  
  22  1:57  Overlord  
  22  2:15  Queen  
  22  2:16  Drone x2  
  26  2:29  Drone  
  27  2:33  Drone  
  28  2:37  Queen  
  28  2:38  Zergling x2  
  31  2:45  Zergling x2  
  31  2:50  Overlord  
  32  2:52  Drone x3  
  35  3:05  Drone  
  36  3:20  Hatchery  
  36  3:24  Queen  
  36  3:25  Drone x3  
  36  3:26  Drone x2  
  42  3:30  Overlord  
  42  3:32  Zergling x2  
  43  3:34  Zergling x2  
  43  3:41  Overlord  
  44  3:53  Drone x2  
  44  3:54  Drone x3  
  49  3:56  Drone  
  49  3:59  Queen  
  49  4:00  Drone x2  
  54  4:03  Drone  
  55  4:11  Drone x2, Spore Crawler  
  55  4:17  Overlord  
  56  4:19  Extractor  
  56  4:21  Lair  
  55  4:24  Baneling Nest, Drone x2  
  55  4:28  Drone  
  55  4:29  Drone  
  58  4:31  Drone  
  58  4:34  Drone  
  58  4:35  Extractor  
  58  4:36  Drone x2  
  61  4:38  Overlord  
  61  4:42  Queen  
  63  4:50  Zergling x8  
  63  4:51  Zergling x2  
  68  5:00  Drone, Evolution Chamber  
  68  5:01  Drone x3, Evolution Chamber  
  68  5:04  Drone  
  71  5:08  Drone x2  
  71  5:10  Drone  
  71  5:12  Overlord  
  74  5:15  Overlord  
  74  5:20  Overlord  
  74  5:23  Centrifical Hooks  
  74  5:26  Zerg Melee Weapons Level 1  
  74  5:30  Zerg Ground Armor Level 1  
  74  5:34  Overlord  
  74  5:36  Drone x2  
  74  5:37  Drone  
  74  5:40  Drone x2  
  74  5:41  Drone x2  
  81  5:43  Drone  
  81  5:47  Drone x3  
  81  5:48  Drone  
  81  5:49  Drone  
  87  5:52  Drone x2  
  87  5:53  Drone  
  87  5:55  Drone  
  87  5:56  Extractor  
  90  5:59  Extractor x2  
  90  6:01  Drone x3  
  90  6:02  Drone  
  92  6:07  Overlord  
  92  6:09  Overlord  
  92  6:17  Drone x2  
  94  6:19  Spire  
  94  6:25  Zergling x2  
  94  6:26  Zergling x14  
  94  6:27  Baneling x6  
  94  6:29  Baneling  
  94  6:30  Baneling, Zergling x4  
  94  6:31  Zergling x2  
  104  6:34  Zergling x2  
  105  6:43  Zergling x4  
  105  6:45  Hatchery  
  106  6:52  Zergling x14  
  112  6:59  Zergling x2  
  112  7:00  Zergling x4  
  103  7:02  Baneling x4  
  103  7:03  Baneling  
  103  7:04  Zergling x2  
  101  7:11  Zergling x2  
  96  7:18  Zergling x2  
  96  7:19  Overseer, Zergling x12  
  100  7:28  Zergling x4  
  100  7:29  Zerg Ground Armor Level 2, Zerg Melee Weapons Level 2  
  102  7:31  Overlord  
  102  7:36  Baneling x2, Zergling x2  
  104  7:37  Zergling x2  
  104  7:43  Baneling x3  
  104  7:44  Zergling x4  
  105  7:49  Zergling x2  
  107  7:59  Hatchery  
  100  8:05  Zergling x2  
  100  8:06  Zergling x14  
  108  8:13  Mutalisk  
  108  8:14  Mutalisk x4  
  108  8:17  Overlord  
  108  8:19  Mutalisk, Zerg Flyer Weapons Level 1  
  118  8:20  Mutalisk x3  
  118  8:23  Spore Crawler, Overlord, Pneumatized Carapace  
  125  8:31  Baneling  
  125  8:32  Baneling x5  
  125  8:38  Zergling x18  
  132  8:46  Mutalisk x4  
  137  8:49  Baneling x4  
  136  8:56  Drone x6  
  136  8:57  Drone  
  143  9:03  Baneling x2  
  143  9:07  Overlord x3  
  143  9:11  Zergling x2  
  143  9:12  Zergling x2  
  143  9:15  Burrow  
  145  9:17  Overseer  
  145  9:21  Drone, Mutalisk  
  148  9:25  Drone x2, Extractor  
  148  9:26  Mutalisk x3  
  148  9:29  Mutalisk  
  158  9:31  Zergling x18  
  158  9:32  Zergling x6  
  169  9:40  Baneling  
  169  9:41  Baneling x4  
  169  9:42  Zergling x8  
  173  9:48  Baneling x4  
  173  9:49  Baneling x2  
  171  9:53  Zergling x4  
  171  9:55  Overlord x3  
  171  9:59  Hatchery  
  172  10:08  Baneling  
  172  10:09  Baneling x2  
  172  10:15  Zergling x30  
  172  10:17  Baneling x3  
  187  10:23  Baneling x9  
  187  10:27  Zergling x2  
  187  10:28  Zergling x18  
  186  10:35  Zergling x12  
  179  10:36  Baneling  
  179  10:37  Baneling  
  181  10:45  Zerg Flyer Weapons Level 2  
  181  10:47  Zergling x10  
  184  10:51  Zergling x4  
  171  11:02  Zergling x10  
  156  11:06  Queen  
  158  11:12  Mutalisk x3  
  158  11:16  Zergling x12  
  158  11:17  Zergling x2  
  171  11:22  Zergling x18  
  171  11:25  Mutalisk, Zergling x4  
  180  11:30  Overseer  
  180  11:32  Baneling x10  
  182  11:33  Zergling x4  
  182  11:38  Zergling x6  
  187  11:43  Infestation Pit  
  187  11:44  Drone x2  
  187  11:45  Drone x3, Overlord x2  
  187  11:47  Zergling x8  
  193  11:53  Zergling x2  
  196  11:57  Baneling x10  
  196  11:58  Baneling x2  
  192  12:05  Zergling x4  
  192  12:06  Zergling x10  
  199  12:10  Baneling x12  
  199  12:20  Hive  
  196  12:23  Baneling x20  
  196  12:24  Zergling x2  
  198  12:30  Zergling x2  
  198  12:42  Baneling  
  198  12:43  Baneling x14  
  196  12:45  Zergling x2  
  196  12:46  Zergling x6  
  196  12:48  Baneling x2  
  200  13:08  Baneling x13  
Show
View Real Time Build Order
Export as new Build Order

INnoVation Terran 

Build Orders: Reaper Expand, MMM Bio 

Get SALT Encoding   

  12  0:00  SCV  
  13  0:13  SCV  
  14  0:17  Supply Depot  
  14  0:25  SCV  
  15  0:29  Refinery  
  15  0:39  SCV  
  16  0:45  Barracks  
  16  0:51  SCV  
  17  1:03  SCV  
  18  1:15  SCV  
  19  1:31  Orbital Command  
  19  1:32  Reaper  
  20  1:44  Command Center  
  20  1:56  Factory  
  20  1:58  SCV  
  21  2:06  Barracks Reactor, Refinery  
  21  2:10  SCV  
  22  2:16  Supply Depot  
  22  2:22  SCV  
  23  2:37  SCV  
  23  2:40  Starport  
  24  2:45  Hellion x2  
  24  2:49  SCV  
  24  2:50  Barracks Tech Lab  
  29  2:59  Orbital Command  
  29  3:01  SCV  
  30  3:07  Hellion  
  30  3:12  Hellion  
  34  3:19  SCV  
  35  3:21  Barracks Tech Lab  
  35  3:25  SCV  
  35  3:26  Raven  
  37  3:32  Supply Depot  
  37  3:33  SCV  
  38  3:37  SCV  
  39  3:43  Stimpack  
  39  3:45  SCV  
  40  3:49  SCV  
  41  3:57  SCV  
  41  4:01  Command Center, SCV  
  43  4:09  SCV  
  44  4:10  Marine  
  44  4:13  SCV  
  46  4:18  Barracks  
  46  4:21  SCV  
  46  4:23  Raven  
  49  4:25  SCV, Barracks  
  49  4:29  Factory Reactor, Marine, Supply Depot  
  51  4:34  SCV  
  51  4:37  SCV  
  53  4:40  Supply Depot  
  53  4:46  SCV  
  53  4:50  Marine  
  53  4:51  SCV  
  56  4:53  Engineering Bay x2  
  56  4:58  SCV  
  57  5:02  Refinery  
  57  5:03  SCV, Refinery  
  57  5:05  Marine x2  
  60  5:08  Marine  
  60  5:12  Starport Reactor  
  61  5:14  Orbital Command  
  61  5:15  Factory Reactor, SCV x2  
  61  5:19  Marine  
  61  5:20  Marine  
  65  5:23  Marine x2  
  65  5:24  Terran Infantry Weapons Level 1  
  65  5:25  Terran Infantry Armor Level 1  
  68  5:28  SCV x2  
  68  5:29  Marine  
  68  5:35  Orbital Command  
  70  5:37  Supply Depot  
  70  5:42  Marine x4  
  73  5:44  Combat Shields  
  73  5:45  SCV x2  
  73  5:47  Marine  
  77  5:51  Supply Depot  
  77  5:54  Medivac x2  
  81  5:58  SCV x2  
  81  6:00  Marine x3  
  81  6:03  Supply Depot  
  86  6:04  SCV  
  86  6:07  Widow Mine  
  86  6:09  Widow Mine  
  86  6:10  SCV x2  
  93  6:16  SCV  
  94  6:20  Marine x3  
  94  6:21  Marine x2  
  94  6:22  SCV x2, Supply Depot  
  94  6:25  Medivac x2  
  105  6:31  Supply Depot  
  105  6:36  Widow Mine, Armory  
  105  6:37  SCV  
  105  6:38  SCV  
  109  6:43  SCV, Marine x4, Widow Mine  
  116  6:52  SCV x2  
  113  7:00  SCV, Marine  
  113  7:01  Marine x2  
  101  7:04  SCV x2  
  102  7:11  Marine x2  
  102  7:12  SCV  
  92  7:16  SCV x2  
  92  7:18  Marine  
  92  7:19  Marine x2  
  92  7:20  Barracks  
  92  7:21  Widow Mine, Barracks  
  97  7:23  Widow Mine  
  97  7:24  SCV  
  97  7:28  SCV  
  97  7:29  SCV  
  102  7:32  Terran Infantry Weapons Level 2, Terran Infantry Armor Level 2  
  102  7:36  SCV, Marine x3  
  106  7:38  Marine  
  106  7:39  Marine  
  106  7:40  SCV  
  106  7:41  SCV  
  110  7:49  Widow Mine  
  112  7:52  Widow Mine  
  112  7:53  Medivac x2  
  112  7:54  Marine x3  
  112  7:56  Marine  
  112  7:57  Marine  
  123  7:58  Supply Depot  
  123  7:59  SCV x3  
  123  8:04  Supply Depot  
  120  8:08  Barracks x2  
  120  8:10  Barracks  
  120  8:11  SCV x3  
  123  8:18  Widow Mine  
  125  8:20  Barracks Reactor x2, Widow Mine, Missile Turret  
  125  8:21  Supply Depot  
  125  8:23  Medivac x2  
  125  8:26  Marine x3  
  134  8:27  Marine  
  134  8:30  Refinery  
  135  8:42  Marine  
  135  8:44  Marine x3  
  135  8:45  Marine  
  136  8:48  Supply Depot  
  136  8:50  Supply Depot  
  136  8:51  Widow Mine x2  
  136  8:52  Command Center  
  136  8:55  Missile Turret  
  140  9:00  Marine  
  140  9:01  Barracks Tech Lab  
  140  9:02  Barracks Reactor, Marine  
  142  9:03  Marine x4  
  142  9:07  Barracks Reactor  
  146  9:10  Medivac x2  
  150  9:18  Missile Turret x2  
  150  9:19  Marauder, Widow Mine  
  150  9:20  Widow Mine  
  150  9:22  Marauder  
  150  9:23  Concussive Shells  
  158  9:26  Supply Depot  
  158  9:27  Supply Depot  
  158  9:28  Marine  
  158  9:30  Marine x2  
  158  9:31  Marine, Supply Depot  
  162  9:36  Marine x3  
  165  9:45  Supply Depot  
  165  9:47  Medivac x2, Marine x2  
  165  9:48  Marauder, Widow Mine x2  
  176  9:56  Marine x6  
  182  10:03  Unknown  
  182  10:06  Marauder  
  183  10:09  Marauder  
  183  10:11  Marine x3  
  188  10:17  Widow Mine x2  
  192  10:22  Marine x3  
  192  10:23  Marine  
  192  10:27  Marauder  
  184  10:29  Marine x2  
  184  10:31  Marauder, Marine x4  
  184  10:35  SCV x2  
  170  10:36  Marine  
  170  10:37  Marine  
  170  10:41  Planetary Fortress  
  172  10:48  Marine x2  
  174  10:51  Marine  
  174  10:54  SCV x3  
  174  10:55  Widow Mine x2  
  174  10:56  Marine x10  
  167  11:06  SCV x2, Marine  
  167  11:07  Marine x2  
  167  11:08  Marine  
  166  11:13  Marine  
  166  11:14  Marine  
  167  11:19  SCV x3  
  167  11:20  Marine x5  
  167  11:21  Marine  
  175  11:31  SCV x3, Marine x4  
  182  11:39  Marauder x2, Marine  
  186  11:45  Widow Mine x2  
  191  11:49  SCV  
  191  11:51  Engineering Bay  
  191  11:52  Engineering Bay  
  192  11:54  Medivac x2  
  192  11:55  Marine  
  192  12:00  SCV x2  
  199  12:01  SCV, Unknown  
  200  12:15  Marauder  
  200  12:30  Missile Turret  
  200  12:31  Missile Turret  
  200  12:32  Command Center, Missile Turret  
  200  12:33  Marine x2  
  200  12:35  Starport  
  191  12:45  Widow Mine x2  
  191  12:46  Marine x6  
  191  12:50  Unknown  
  200  12:56  Engineering Bay x2  
  200  13:03  SCV  
  198  13:08  Marauder  
  198  13:12  Marine x2  
Tags
 
Add a new tag
Caveats
  • Supply blocks, unpowered buildings, or Contaminate may cause inaccurate times.
  • Supply counts are checked every 10 seconds.